AoeStats
← BigOleChunguss

Lombardia

509988134Analyzed
2v2 RM · 2d ago on Sep 28, 2026· 31m 16s· 4 players
Game mode
Random Map
Map size
Medium (4 player)
Population
200
Speed
Normal
Resources
Standard
Victory
Conquest
Starting age
Dark Age
Ending age
Imperial Age
RankedLock teamsTeams togetherTeam positionsShared explorationLock speedFull tech treeHidden civsTurbo modeCheats
Victory
Defeat
🇨🇦 Varangians · Canada
1023
+18
🇨🇦 Danes · Canada
1016
+18
🇺🇸 Armenians · United States
1081
-18
🇬🇧 Ethiopians · United Kingdom
1052
-36
BigOleChunguss
10:55 Loom
12:57 Feudal Age
13:05 Man-at-Arms
14:53 Scale Mail Armor
18:37 Castle Age
16:43 Double-Bit Axe
17:01 Fletching
18:15 Stone Mining
18:18 Gold Mining
23:49 Padded Archer Armor
26:13 Bodkin Arrow
26:53 Leather Archer Armor
28:55 Wheelbarrow
29:28 Ballistics
29:22 Bow Saw
29:06 Horse Collar
Mithranqueer
12:51 Loom
14:37 Feudal Age
13:52 Loom
15:34 Double-Bit Axe
18:37 Horse Collar
Jernau Morat Gurgeh
7:12 Loom
9:57 Feudal Age
11:14 Gold Mining
12:56 Horse Collar
12:44 Man-at-Arms
14:13 Arson
16:59 Wheelbarrow
16:33 Double-Bit Axe
22:11 Castle Age
22:52 Squires
22:37 Gambesons
24:58 Town Watch
25:29 Hand Cart
27:29 Forging
27:19 Scale Mail Armor
27:45 Bow Saw
27:59 Heavy Plow
30:57 Iron Casting
Maximuz
7:51 Loom
10:36 Feudal Age
12:17 Double-Bit Axe
12:54 Bloodlines
13:35 Horse Collar
15:03 Wheelbarrow
18:55 Stone Mining
21:16 Castle Age
20:29 Forging
20:26 Scale Barding Armor
20:34 Gold Mining
23:26 Iron Casting
23:19 Bow Saw
23:23 Heavy Plow
25:44 Chain Barding Armor
25:44 Bow Saw
27:44 Fletching
30:13 Husbandry
Connection lost

Rejoining the realm…

Still unreachable

The connection could not be restored.

Session expired

The server has moved on; the page needs a fresh start.